 Dungeon Crawl Stone Soup version 0.32-a0-779-g362cfcae2a (webtiles) character file.

Game seed: 15220622159032478528

23 kae the Slasher (level 3, 0/25 (27) HPs)
             Began as a Coglin Gladiator on Mar 19, 2024.
             Slain by a jackal (1 damage)
             ... on level 1 of the Dungeon.
             The game lasted 00:00:19 (347 turns).

kae the Slasher (Coglin Gladiator)                   Turns: 347, Time: 00:00:20

HP:   0/25 (27)     AC:  4    Str: 14    XL:     3   Next: 0%
MP:   3/3           EV: 11    Int:  7    God:
Gold: 11            SH:  0    Dex: 17    Spells: 2/2 levels left

rFire   . . .        a - +0 long sword {Ajinder}
rCold   . . .        f - +0 dagger {Qiu}
rNeg    . . .        b - +0 leather armour
rPois   .            c - +0 helmet
rElec   .            (no cloak)
rCorr   .            (no gloves)
SInv    .            (no boots)
Will    .....        (amulet unavailable)
Stlth   +            (ring unavailable)
HPRegen 0.24/turn    (ring unavailable)
MPRegen 0.08/turn    (no gizmo)

%: no passive effects
@: drained, revved
A: off-hand wielding, slow wielding, warmup strikes, no jewellery
a: Invent Gizmo


You were on level 1 of the Dungeon.
You visited 1 branch of the dungeon, and saw 1 of its levels.

You collected 11 gold pieces.


Innate Abilities, Weirdness & Mutations

You can wield a second weapon in your off-hand.
It takes a long time for you to wield or remove held weapons.
Your first few attacks do less damage.
You cannot equip rings or amulets.


   Skills:
 - Level 2.0 Fighting
 + Level 4.1 Long Blades
 - Level 1.7 Throwing
 - Level 2.6 Dodging


You had 2 spell levels left.
You didn't know any spells.
Your spell library was empty.

Inventory:

Hand Weapons
 a - a +0 long sword (weapon) {Ajinder}
 f - a +0 dagger (offhand) {Qiu}
Missiles
 d - 3 throwing nets (quivered) {=f!f}
 e - a javelin
 g - 11 stones
Armour
 b - a +0 leather armour (worn)
 c - a +0 helmet (worn)
Jewellery
 W - a ring of magical power
   (You found it on level 1 of the Dungeon)

Dungeon Overview and Level Annotations

Branches:
Dungeon (1/15) Zot: 5648

Altars:

.....## ######
## ##... ....
..$ ....# ####
#.###.#.#
##########
...#$#.#
.........#
#.>.#.#####.
.#######.#
#..#....... ###
###..#
#.†#r......
..###...##
#.h@hg.....
..##..###
####)#hh......
.....##
#....#K.......
...###
##=####........
...# #..#
#....g... ...##
#.## ##.......
....# #.#
#...... ###.###
#.# ##.###
..#...####.###


You could see 4 jackals, 2 goblins, a kobold and a rat.


Message History

😕 HP[-4]
You now have 20 max hp (-2).
You take 4 damage, and now have 18/20 hp.
A goblin is nearby!
You hit the goblin but do no damage. You hit the goblin with your +0 dagger.
You kill the goblin!
No target in view!
A hobgoblin comes into view.
Things that are here:
a +1 dagger of draining; a goblin corpse 😎 HP[+2]
Your hp is fully restored (20).
A rat, 3 jackals and a ball python come into view.
The jackal barks!
The ball python hisses angrily.
The jackal barks!
A jackal comes into view.
The jackal barks!
A goblin comes into view. It is wielding a +0 club.
The goblin shouts!
A kobold comes into view. It is wielding a +0 whip.
There are monsters nearby!
The jackal barks!
You hit the hobgoblin with your +0 dagger.
You hit the hobgoblin but do no damage. The hobgoblin barely misses you.
The jackal misses you. The jackal barely misses you. The hobgoblin hits you.
You slash the hobgoblin with your +0 long sword!
You kill the hobgoblin!
The jackal bites you but does no damage.
The jackal barely misses you. The rat closely misses you.
The jackal bites you but does no damage.
You have reached level 3!
Your experience leads to an increase in your attributes!
Increase (S)trength, (I)ntelligence, or (D)exterity?
Uppercase letters only, please.
You feel agile. x2
Your brain swirls with designs for a N-70 geodynamo.
You just need some more time... 😕 MP[+1]
You now have 25 max hp (+5).
Your mp is fully restored (3).
You closely miss the ball python with your +0 long sword.
You closely miss the ball python with your +0 dagger.
The jackal misses you. The ball python misses you.
The ball python closely misses you. The jackal bites you. x2
A goblin comes into view. It is wielding a +0 dagger.
The rat misses you. The jackal bites you. 😮 HP[-3]
You take 3 damage, and now have 17/25 hp.
You closely miss the ball python with your +0 long sword.
You barely miss the ball python with your +0 dagger.
The ball python bites you. The ball python closely misses you.
The jackal bites you. x2
* * * LOW HITPOINT WARNING * * *
The jackal bites you.
* * * LOW HITPOINT WARNING * * *
The rat barely misses you. The ball python bites you.
* * * LOW HITPOINT WARNING * * *
The ball python misses you. 😨 HP[-9]
You take 9 damage, and now have 8/25 hp.
MASSIVE DAMAGE!! (PAUSE)
You barely miss the ball python with your +0 dagger.
The goblin shouts!
You hit the ball python with your +0 long sword.
The jackal closely misses you. The jackal misses you.
The jackal bites you but does no damage.
The jackal bites you.
* * * LOW HITPOINT WARNING * * *
The ball python closely misses you. The ball python grabs you.
The ball python constricts you.
* * * LOW HITPOINT WARNING * * *
The rat bites you.
* * * LOW HITPOINT WARNING * * *
The jackal bites you but does no damage. 😱 HP[-4]
You take 4 damage, and now have 4/25 hp.
You barely miss the ball python with your +0 long sword.
You hit the ball python but do no damage.
The jackal bites you but does no damage.
The jackal bites you.
* * * LOW HITPOINT WARNING * * *
The jackal bites you but does no damage.
The ball python barely misses you. The ball python constricts you.
* * * LOW HITPOINT WARNING * * *
The jackal bites you.
* * * LOW HITPOINT WARNING * * *
The rat bites you but does no damage.
The jackal bites you but does no damage. 😱 HP[-3]
You take 3 damage, and now have 1/25 hp.
Unknown command.
You aren't carrying any potions.
Unknown command.
You aren't carrying any scrolls.
Unknown command.
You aren't carrying any scrolls.
Unknown command.
You hit the ball python but do no damage.
You slash the ball python with your +0 long sword!
You kill the ball python!
The jackal closely misses you. The jackal bites you.
You die...

Skill      XL: |  1  2 |
---------------+-------+-----
Long Blades    | 4 |  4.1
Fighting       | |  2.0
Throwing       | |  1.7
Dodging        | |  2.6

Action                     || total
---------------------------++-------
  Melee: Dagger            ||    41
         Long sword        ||    45
 Armour: Leather armour    ||    46
  Dodge: Dodged            ||    44

Levels and vault maps discovered:
D:1:      minmay_arrival_jagged, layout_rooms

Notes
Turn   | Place    | Note
-------+----------+-------------------------------------------
     0 | D:1      | kae the Coglin Gladiator began the quest for the Orb.
     0 | D:1      | Reached XP level 1. HP: 16/16 MP: 1/1
     0 | D:1      | magus.rc [v1.11.3]
   138 | D:1      | Reached XP level 2. HP: 22/22 MP: 2/2
   233 | D:1      | Reached skill level 4 in Long Blades
   343 | D:1      | Reached XP level 3. HP: 20/25 MP: 3/3
   345 | D:1      | HP: 6/25 [jackal (2)]
   346 | D:1      | HP: 2/25 [constriction (1)]
   347 | D:1      | Slain by a jackal

Vanquished Creatures
  A bat (D:1)
  3 endoplasms (D:1)
  3 goblins (D:1)
  3 hobgoblins (D:1)
  4 jackals (D:1)
  2 kobolds (D:1)
  2 ball pythons (D:1)
  2 rats (D:1)
20 creatures vanquished.

Table legend:
 A = Non-vault XP
 B = Vault XP
 C = Vault XP percentage of total XP
 D = Non-vault monster count
 E = Vault monster count
 F = Vault count percentage of total count
                 A         B        C        D         E       F
            +---------+---------+-------+---------+---------+-------
      Total |      36 |       0 |   0.0 |      20 |       0 |   0.0
            +---------+---------+-------+---------+---------+-------
        D:1 |      36 |       0 |   0.0 |      20 |       0 |   0.0
            +---------+---------+-------+---------+---------+-------

Skill      XL: |  1  2 |
---------------+-------+-----
Long Blades    | 4 |  4.1
Fighting       | |  2.0
Throwing       | |  1.7
Dodging        | |  2.6

Action                     || total
---------------------------++-------
  Melee: Dagger            ||    41
         Long sword        ||    45
 Armour: Leather armour    ||    46
  Dodge: Dodged            ||    44

Illustrated notes

Table legend:
 A = Kills in this place as a percentage of kills in the entire game.
 B = Kills by you in this place as a percentage of kills by you in the entire game.
 C = Kills by friends in this place as a percentage of kills by friends in the entire game.
 D = Other kills in this place as a percentage of other kills in the entire game.
 E = Experience gained in this place as a percentage of experience gained in the entire game.
 F = Experience gained in this place divided by the number of levels of this place that you have seen.
                   A       B       C       D       E      F
               +-------+-------+-------+-------+-------+----------------------
         Total | 100.0 | 100.0 |   N/A |   N/A | 100.0 |  36.0
       Dungeon | 100.0 | 100.0 |   N/A |   N/A | 100.0 |  36.0
               +-------+-------+-------+-------+-------+----------------------

Table legend: (Time is in decaauts)
 A = Elapsed time spent in this place.
 B = Non-inter-level travel time spent in this place.
 C = Inter-level travel time spent in this place.
 D = Time resting spent in this place.
 E = Time spent auto-exploring this place.
 F = Levels seen in this place.
 G = Mean time per level.
                   A        B        C        D        E       F      G
               +--------+--------+--------+--------+--------+-----+--------+
         Total |    350 |    350 |      0 |      0 |    252 |   1 |  350.0 |
       Dungeon |    350 |    350 |      0 |      0 |    252 |   1 |  350.0 |
               +--------+--------+--------+--------+--------+-----+--------+

Top non-repeatable levels by time:
     D:1: 350 daAuts
